 Dungeon Crawl Stone Soup version 0.27-a0-1557-g57f10a385c (webtiles) character file.

Game seed: 15147034252860163292

52 nyamberluvr69 the Skirmisher (level 3, -2/32 HPs)
             Began as a Palentonga Fighter on July 15, 2021.
             Slain by a water moccasin (3 damage)
             ... on level 5 of the Dungeon.
             The game lasted 00:02:34 (2098 turns).

nyamberluvr69 the Skirmisher (Palentonga Fighter)   Turns: 2098, Time: 00:02:35

Health: -2/32      AC:  7    Str: 20    XL:     3   Next: 60%
Magic:  3/3        EV:  5    Int:  8    God:
Gold:   71         SH:  8    Dex:  9    Spells: 2/2 levels left

rFire    . . .     SeeInvis +   a - +0 long sword
rCold    . . .     Faith    .   c - +0 kite shield
rNeg     . . .     Spirit   .   b - +0 scale mail
rPois    .         Reflect  .   (no helmet)
rElec    .         Harm     .   (no cloak)
rCorr    .         Rampage  .   i - +0 pair of gloves
Will     .....                  (no barding)
Stlth    ..........             (no amulet)
HPRegen  0.10/turn              (no ring)
MPRegen  0.08/turn              (no ring)

@: mighty, lethally poisoned (-2 -> -10)
A: large, rugged brown scales 3, see invisible, deformed body, roll 1, armoured
tail
a: Rolling Charge


You were on level 5 of the Dungeon.
You visited 1 branch of the dungeon, and saw 4 of its levels.

You collected 71 gold pieces.

Inventory:

Hand Weapons
 a - a +0 long sword (weapon)
Armour
 b - a +0 scale mail (worn)
 c - a +0 kite shield (worn)
 i - a +0 pair of gloves (worn)
Jewellery
 g - a ring of ice
Scrolls
 e - a scroll of magic mapping {unknown}
 f - 2 scrolls of identify {unknown}
 h - a scroll of fear {unknown}
 j - a scroll of silence {unknown}
 k - a scroll of teleportation {unknown}
Potions
 l - a potion of cancellation {unknown}


   Skills:
 + Level 3.9 Fighting
 + Level 3.1 Long Blades
 - Level 2.4 Armour
 - Level 2.4 Shields


You had 2 spell levels left.
You didn't know any spells.
Your spell library contained the following spells:

 Spells                   Type           Power      Damage    Failure   Level
 Foxfire                  Conj/Fire      0%         2x1d4     99%         1
 Conjure Flame            Conj/Fire      0%         6-21      100%        3
 Inner Flame              Hex/Fire       0%         N/A       100%        3


Dungeon Overview and Level Annotations

Branches:
Dungeon (3/15)

Altars:


Innate Abilities, Weirdness & Mutations

You are completely covered in rugged brown scales. (AC +3, +7% HP)
You have supernaturally acute eyesight. (SInv)
Armour fits poorly on your strangely shaped body.
You can roll at nearby foes to attack.
You have a long armoured tail.


Message History

There is a stone staircase leading down here.
The water moccasin barely misses you. The water moccasin bites you.
The water moccasin bites you.
The water moccasin completely misses you.
You block the water moccasin's attack.
You feel very mighty all of a sudden. The water moccasin barely misses you.
You riposte.
You miss the water moccasin. The water moccasin barely misses you.
You riposte.
Your scale mail prevents you from hitting the water moccasin.
You hit the water moccasin.
Your tail-slap misses the water moccasin.
The water moccasin is moderately wounded.
The water moccasin bites you but does no damage.
You barely miss the water moccasin.
The water moccasin is moderately wounded.
The water moccasin bites you. You block the water moccasin's attack.
You slash the water moccasin!
The water moccasin is heavily wounded.
The water moccasin bites you! You block the water moccasin's attack.
You closely miss the water moccasin.
Your tail-slap misses the water moccasin.
The water moccasin is heavily wounded.
The water moccasin bites you.
* * * LOW HITPOINT WARNING * * *
You are lethally poisoned!
The water moccasin poisons you!
The water moccasin bites you but does no damage.
You barely miss the water moccasin.
The water moccasin is heavily wounded.
* * * LOW HITPOINT WARNING * * *
You feel very sick. The water moccasin barely misses you.
The water moccasin bites you.
* * * LOW HITPOINT WARNING * * *
You barely miss the water moccasin.
The water moccasin is heavily wounded.
* * * LOW HITPOINT WARNING * * *
You feel very sick. The water moccasin bites you.
You die...

##.#. ... #.# ##+##
####.#### ##...##
#.......# ##.....##
#.##.##.# ##.......##
#....##>####
#.........####...###.n..##
+.........'.@Sn...#..##n.#
#.........####..###++###.#
##.......## ##.# .$.#.#
##.....## #.# #.#.#
##...## #.+ #:'.# ##+##
#.+ #.n.'.# ### #.##.###
.. ... # ++##


You could see a water moccasin and a necrophage.

Vanquished Creatures
  A dart slug (D:1)
  2 ball pythons (D:1)
  2 bats (D:2)
  6 endoplasms
  4 giant cockroaches
  5 goblins
  4 hobgoblins
  4 jackals (D:1)
  2 kobolds (D:1)
  2 quokkas (D:1)
  5 frilled lizards
  5 rats
42 creatures vanquished.

Vanquished Creatures (others)
  A plant (D:3)
1 creature vanquished.

Grand Total: 43 creatures vanquished

Notes
Turn   | Place    | Note
-------+----------+-------------------------------------------
     0 | D:1      | nyamberluvr69 the Palentonga Fighter began the quest for
                  | the Orb.
     0 | D:1      | Reached XP level 1. HP: 19/19 MP: 1/1
   189 | D:1      | Reached XP level 2. HP: 17/25 MP: 2/2
   663 | D:1      | Reached XP level 3. HP: 31/31 MP: 3/3
  2040 | D:3      | You fall into a shaft and drop 2 floors!
  2040 | D:5      | Entered Level 5 of the Dungeon
  2072 | D:5      | Noticed a water moccasin
  2073 | D:5      | Noticed a necrophage
  2098 | D:5      | HP: 1/32 [poisoned by a water moccasin]
  2098 | D:5      | Slain by a water moccasin

Illustrated notes

Levels and vault maps discovered:
D:1:      dpeg_arrival_circle_labyrinth_c, layout_basic,
          wander_ebering_terrifying_dragon_lair
D:2:      layout_loops_corners
D:3:      layout_basic, lemuel_crystal_altar,
          shapermc_ecumenical_altar_mp_ritualfount, corexii_leaking_fountain,
          minivault_19
D:5:      layout_loops_corners, kennysheep_generic_room_12, uniq_menkaure

Skill      XL: |  1  2  3 |
---------------+----------+-----
Long Blades    | 3 |  3.1
Fighting       | |  3.9
Armour         | |  2.4
Shields        | |  2.4

Action                   || total
-------------------------++-------
Melee: Long sword        ||    94
       Tailslap          ||    12
 Abil: Rolling Charge    ||    12
  Use: Potion            ||     1
Armor: Scale mail        ||    48
Dodge: Dodged            ||    18
Block: Kite shield       ||    36
       Rpst.: Long sword ||     6

Table legend: (Time is in decaauts)
 A = Elapsed time spent in this place.
 B = Non-inter-level travel time spent in this place.
 C = Inter-level travel time spent in this place.
 D = Time resting spent in this place.
 E = Time spent auto-exploring this place.
 F = Levels seen in this place.
 G = Mean time per level.
                   A        B        C        D        E       F      G
               +--------+--------+--------+--------+--------+-----+--------+
         Total |   2141 |   2073 |     68 |    318 |   1485 |   4 |  535.2 |
       Dungeon |   2141 |   2073 |     68 |    318 |   1485 |   4 |  535.2 |
               +--------+--------+--------+--------+--------+-----+--------+

Top non-repeatable levels by time:
     D:1: 1139 daAuts
     D:2: 926 daAuts
     D:5: 60 daAuts
     D:3: 15 daAuts
